 Dungeon Crawl Stone Soup version 0.31.0-32-g396128a36d (webtiles) character file.

Game seed: 2192484895635518846

82 spaghetti the Shooter (level 4, 0/40 HPs)
             Began as a Naga Hexslinger on Mar 11, 2024.
             Killed by nerve-wracking pain
             ... invoked by Grinder
              (2 damage)
             ... on level 3 of the Dungeon.
             The game lasted 00:03:55 (1829 turns).

spaghetti the Shooter (Naga Hexslinger)             Turns: 1829, Time: 00:03:56

Health: 0/40       AC:  6    Str: 12 (13) XL:     4   Next: 43%
Magic:  1/5        EV: 10    Int: 12 (13) God:
Gold:   70         SH:  0    Dex: 17      Spells: 3/5 levels left

rFire   . . .        a - +1 sling
rCold   . . .        (no shield)
rNeg    . . .        c - +0 robe
rPois   +            (no helmet)
rElec   +            (no cloak)
rCorr   .            (no gloves)
SInv    +            (no barding)
Will    .....        g - amulet of the acrobat
Stlth   ++           l - +4 ring of protection
HPRegen 0.26/turn    (no ring)
MPRegen 0.09/turn

%: acrobat
@: weak-willed, jinxed, very slow
A: AC +1, large, see invisible, deformed body, poison resistance, slowness 2,
spit poison 1, naga tail 1, agile 1, electricity resistance, strong 1
a: Spit Poison


You were on level 3 of the Dungeon.
You visited 1 branch of the dungeon, and saw 3 of its levels.

You collected 70 gold pieces.

Inventory:

Hand Weapons
 a - a +1 sling (weapon)
Armour
 c - a +0 robe (worn)
Jewellery
 g - an amulet of the acrobat (around neck)
 l - a +4 ring of protection (left hand)
Scrolls
 e - 3 scrolls of identify
Potions
 h - a potion of curing


   Skills:
 + Level 2.9 Fighting
 + Level 3.1 Ranged Weapons
 - Level 1.5 Dodging
 - Level 1.0 Spellcasting
 - Level 3.0 Hexes
 - Level 1.0 Fire Magic


You had 3 spell levels left.
You knew the following spells:

 Your Spells              Type           Power      Damage    Failure   Level
a - Jinxbite              Hex            14%        N/A       13%         2

Your spell library contained the following spells:

 Spells                   Type           Power      Damage    Failure   Level
 Sigil of Binding         Hex            7%         N/A       26%         3
 Shock                    Conj/Air       0%         1d3       30%         1
 Inner Flame              Hex/Fire       5%         N/A       36%         3
 Swiftness                Air            0%         N/A       65%         3
 Cause Fear               Hex            3%         N/A       65%         4
 Dimensional Bullseye     Hex/Tloc       2%         N/A       85%         4
 Airstrike                Air            0%         2d(0-16)  96%         4


Dungeon Overview and Level Annotations

Branches:
Dungeon (3/15)

Altars:

Annotations:
D:3 Grinder


Innate Abilities, Weirdness & Mutations

Your serpentine skin is tough. (AC +1)
You have supernaturally acute eyesight. (SInv)
Armour fits poorly on your strangely shaped body.
Your system is resistant to poisons. (rPois)
You cover ground very slowly.
You can spit poison.
You have a snake-like lower body.
You are agile. (Dex +4, Str/Int -1)
You are resistant to electric shocks. (rElec)
Your muscles are strong. (Str +4, Int/Dex -1)


Message History

You are too injured to fight recklessly!
You are too injured to fight recklessly!
You shoot a sling bullet.
The sling bullet barely misses the adder.
A giggling sprite leaps out and ties the adder's tail in a knot.
The adder is heavily wounded.
The adder bites you. The adder barely misses you.
You shoot a sling bullet. The sling bullet hits the adder.
The adder is severely wounded.
A giggling sprite leaps out and makes the adder trip over its own tail.
The adder is almost dead.
The adder barely misses you.
Grinder blinks!
The adder barely misses you.
You shoot a sling bullet. The sling bullet hits the adder.
You kill the adder!
The jinxing sprites lose interest in you.
Grinder says, "At least Makhleb appreciates what I'm doing."
Grinder gestures at you. Pain shoots through your body!
* * * LOW HITPOINT WARNING * * *
Okay, then.
The air fills with toxic fumes!
As you read the scroll of poison, it crumbles to dust.
You can't do that yet.
Casting: Jinxbite (safe; 13% risk of failure)
Confirm with . or Enter, or press ? or * to list all spells.
You beckon some vexing sprites to accompany your attacks.
You feel your willpower being sapped.
You have got your breath back.
You are too injured to fight recklessly!
Fire: a) +1 sling
Press: ? - help, Shift-Dir - straight line, f - Grinder
Aim: Grinder (poison gas, chance to call a sprite on attack: 40%, 57% to hit)
You shoot a sling bullet. The sling bullet hits Grinder.
Grinder is lightly wounded.
A giggling sprite leaps out and doodles on Grinder's face.
Grinder is lightly wounded.
Grinder gestures at you. Pain shoots through your body!
You die...
Grinder says, "Hey, I wasn't done torturing you yet!"

##+#....# ...#
..§§§§§§##§§..#
...§§§§§.#§..#
..§§.§.#§..#
#.§§§.§...#
#.#..§5#§..#
#.....§§#
#######§#
#§§§@#
§§§§§§§§#
#######§§§§#
#...g.#§§§§#
#.###g#§§§§#
#.#.)<#§§§§#
#.#.###§§§§#
#... §§##§# ###


You could see Grinder (drained).

Vanquished Creatures
  A gnoll (D:3)
  3 adders
  A ribbon worm (D:2)
  4 ball pythons
  4 endoplasms
  2 giant cockroaches (D:1)
  A goblin (D:2)
  5 hobgoblins
  4 kobolds (D:1)
  3 quokkas
  2 bats
  3 frilled lizards
  11 rats
44 creatures vanquished.

Notes
Turn   | Place    | Note
-------+----------+-------------------------------------------
     0 | D:1      | spaghetti the Naga Hexslinger began the quest for the Orb.
     0 | D:1      | Reached XP level 1. HP: 18/18 MP: 2/2
    70 | D:1      | Reached XP level 2. HP: 25/25 MP: 3/3
   142 | D:1      | Learned a level 2 spell: Jinxbite
   519 | D:1      | Reached XP level 3. HP: 29/32 MP: 4/4
   917 | D:2      | Found a faded altar of an unknown god.
   972 | D:2      | Gained mutation: You are resistant to electric shocks.
                  | (rElec) [potion of mutation]
   972 | D:2      | Gained mutation: You are agile. (Dex +4, Str/Int -1)
                  | [potion of mutation]
   972 | D:2      | Gained mutation: Your muscles are strong. (Str +4, Int/Dex
                  | -1) [potion of mutation]
  1406 | D:2      | Reached XP level 4. HP: 40/40 MP: 2/5
  1819 | D:3      | Noticed Grinder
  1826 | D:3      | HP: 1/40 [Grinder/nerve-wracking pain (14)]
  1829 | D:3      | Killed from afar by Grinder

Illustrated notes

Levels and vault maps discovered:
D:1:      dpeg_arrival_rooms_c, layout_basic, serial_bayou_pond_a
D:2:      layout_basic, hellmonk_ecumenical_altar_arch_garden,
          minmay_rat_gold_closets
D:3:      layout_basic, minitemple, uniq_ijyb, uniq_grinder

Skill      XL: |  1  2  3  4 |
---------------+-------------+-----
Ranged Weapons | 2 3 |  3.1
Fighting       | 2 |  2.9
Dodging        | |  1.5
Spellcasting   | |  1.0
Hexes          | |  3.0
Fire Magic     | |  1.0

Action                     |  1- 3 |  4- 6 || total
---------------------------+-------+-------++-------
   Fire: Sling             |    94 |    20 ||   114
   Cast: Jinxbite          |    19 |     5 ||    24
Ability: Spit Poison       |     3 |     2 ||     5
    Use: Potion            |     5 |       ||     5
         Scroll            |     2 |     2 ||     4
 Armour: Robe              |    18 |    15 ||    33
  Dodge: Dodged            |    18 |    16 ||    34
